 Dungeon Crawl Stone Soup version 0.29.0-4-gdea44cf6ec (webtiles) character file.

Game seed: 15653513244380936213

110 Mahakala the Cudgeller (level 4, -23/29 HPs)
             Began as a Gargoyle Monk on Aug 27, 2022.
             Annihilated by an ogre
             ... wielding a +0 giant club
              (27 damage)
             ... on level 3 of the Dungeon.
             The game lasted 00:07:36 (2248 turns).

Mahakala the Cudgeller (Gargoyle Monk)              Turns: 2248, Time: 00:07:36

Health: -23/29     AC: 13    Str: 16    XL:     4   Next: 91%
Magic:  4/4        EV:  7    Int: 11    God:
Gold:   145        SH:  0    Dex: 12    Spells: 3/3 levels left

rFire   . . .      SeeInvis .   a - +0 mace
rCold   . . .      Faith    .   (no shield)
rNeg    + . .      Spirit   .   m - +0 chain mail
rPois   ∞          Reflect  .   (no helmet)
rElec   +          Harm     .   (no cloak)
rCorr   .          Rampage  .   (no gloves)
Will    .....                   g - +0 pair of boots
Stlth   ..........              (no amulet)
HPRegen 0.09/turn               (no ring)
MPRegen 0.09/turn               (no ring)

@: brilliant
A: sickness immunity, AC +3, negative energy resistance 1, electricity
resistance, torment resistance 1, petrification resistance
a: no special abilities


You were on level 3 of the Dungeon.
You visited 1 branch of the dungeon, and saw 3 of its levels.

You collected 145 gold pieces.

Inventory:

Hand Weapons
 a - a +0 mace (weapon)
 b - a +0 sling
Missiles
 f - 3 atropa-tipped darts (quivered) {!f}
Armour
 g - a +0 pair of boots (worn)
 m - a +0 chain mail (worn)
Scrolls
 d - a scroll of enchant armour {unknown}
 h - 2 scrolls of identify {unknown}
 i - a scroll of enchant weapon {unknown}
 j - a scroll of fear {unknown}
 k - a scroll of fog {unknown}
 n - a scroll of immolation {unknown}
Potions
 c - 2 potions of ambrosia
 o - a potion of flight {unknown}
 p - a potion of degeneration {unknown}


   Skills:
 - Level 4.1 Fighting
 - Level 4.3 Maces & Flails
 * Level 2.2 Armour
 - Level 2.4 Dodging
 - Level 2.1 Stealth


You had 3 spell levels left.
You didn't know any spells.
Your spell library was empty.

Dungeon Overview and Level Annotations

Branches:
Dungeon (3/15)

Altars:
The Shining One

Annotations:
D:2 Sigmund


Innate Abilities, Weirdness & Mutations

You are immune to sickness and miasma.
Your stone body is resilient. (AC +3)
You are immune to poison.
You resist negative energy. (rN+)
You are resistant to electric shocks. (rElec)
You are resistant to unholy torment.
You are immune to petrification.


Message History

The adder is heavily wounded.
The adder bites you. The adder barely misses you.
You thump the adder!
You kill the adder!
Your Armour skill increases to level 2!
You see here a +0 whip.
You see here a +0 whip.
HP restored.
You see here a +0 robe.
You open the door.
There is an open door here.
There is a stone staircase leading down here.
You climb downwards.
Level annotation: Sigmund
There is a stone staircase leading up here.
There is a stone staircase leading down here.
You climb downwards.
There is a stone staircase leading up here.
Throw: 4 darts (atropa) {!f}
Press: ? - help, Shift-Dir - straight line, f - ogre
Aim: an ogre, wielding a +0 giant club (74% to hit, chance to blind on hit: 41%)
You throw an atropa-tipped dart {!f}.
The atropa-tipped dart {!f} hits the ogre.
The ogre appears confused.
The ogre seems less confused.
The ogre hits you with a +0 giant club!
You closely miss the ogre.
The ogre is no longer blind.
You sock the ogre!
The ogre is moderately wounded.
The ogre hits you with a +0 giant club!
* * * LOW HITPOINT WARNING * * *
It was a potion of cancellation.
You feel magically purged. The ogre hits you with a +0 giant club!
* * * LOW HITPOINT WARNING * * *
It was a potion of brilliance.
You feel clever all of a sudden. The ogre attacks as you move away!
The ogre hits you with a +0 giant club!!
Ouch! That really hurt!
You die...

#...# #.# #.##..
#.### ###.# #.####
#.### #...###.###.
#...###.#.........
#.>.....(.###.###.
###...###<#.# #.# #.
#.........#.# #.# #.
#.#O.######.# #.# #.
#.#@.# #.# #.###.
#.#.<# #.# #.....
#.#..# #.# #####.
#.#..######.# #.
#.#.......#.#######.
#.##.####...........
#....# ###.#######.
###### #.# ## #.#


You could see an ogre.

Vanquished Creatures
  A gnoll (D:1)
  5 adders
  A worm (D:3)
  2 dart slugs (D:2)
  3 orcs (D:2)
  5 endoplasms
  3 giant cockroaches
  2 goblins
  A hobgoblin (D:2)
  3 jackals (D:3)
  2 kobolds
  3 quokkas
  5 ball pythons
  3 bats
  2 frilled lizards
  3 rats
44 creatures vanquished.

Notes
Turn   | Place    | Note
-------+----------+-------------------------------------------
     0 | D:1      | Mahakala the Gargoyle Monk began the quest for the Orb.
     0 | D:1      | Reached XP level 1. HP: 14/14 MP: 1/1
   336 | D:1      | Reached XP level 2. HP: 10/19 MP: 2/2
   911 | D:1      | Reached XP level 3. HP: 24/24 MP: 3/3
  1190 | D:2      | Noticed Sigmund
  1519 | D:2      | Reached XP level 4. HP: 29/29 MP: 4/4
  1586 | D:3      | Found a faded altar of an unknown god.
  1770 | D:3      | Found a glowing golden altar of the Shining One.
  2012 | D:3      | Noticed an ogre
  2043 | D:2      | Reached skill level 1 in Armour
  2248 | D:3      | Annihilated by an ogre

Illustrated notes

Levels and vault maps discovered:
D:1:      dpeg_arrival_arbitrary_c, layout_loops_corners, minmay_liquid_box
D:2:      layout_loops_cross, uniq_sigmund
D:3:      layout_loops_ring, tso_oasis_becter, mainiacjoe_overflow_brackets,
          shapermc_ecumenical_altar_mp_ritualfount, uniq_natasha

Skill      XL: |  1  2  3  4 |
---------------+-------------+-----
Maces & Flails | 4 |  4.3
Fighting       | 4 |  4.1
Armour         | 2 |  2.2
Dodging        | |  2.4
Stealth        | |  2.1

Action                   |  1- 3 |  4- 6 || total
-------------------------+-------+-------++-------
Melee: Mace              |    61 |    83 ||   144
       Punch             |       |     2 ||     2
Throw: Dart              |       |     3 ||     3
  Use: Potion            |       |     4 ||     4
 Stab: Sleeping          |     7 |     1 ||     8
Armor: Robe              |    12 |       ||    12
       Leather armour    |     1 |     4 ||     5
       Chain mail        |       |    71 ||    71
Dodge: Dodged            |    40 |    54 ||    94
